 Dungeon Crawl Stone Soup version 0.23.0 (webtiles) character file.

Game seed: 3640012401354753072

151 marthius the Digger (level 5, -1/28 HPs)
             Began as a Deep Elf Earth Elementalist on Feb 13, 2019.
             Killed by nerve-wracking pain
             ... invoked by Grinder
              (4 damage)
             ... on level 3 of the Dungeon.
             The game lasted 00:08:55 (2609 turns).

marthius the Digger (Deep Elf Earth Elementalist)   Turns: 2609, Time: 00:08:55

Health: -1/28      AC:  2    Str:  5    XL:     5   Next: 10%
Magic:  12/12      EV: 13    Int: 21    God:
Gold:   149        SH:  0    Dex: 15    Spells: 6/10 levels left

rFire    . . .     SeeInvis .   g - +0 dagger
rCold    . . .     Gourm    .   (no shield)
rNeg     . . .     Faith    .   c - +0 robe
rPois    .         Spirit   .   (no helmet)
rElec    .         Reflect  .   (no cloak)
rCorr    .         Harm     .   (no gloves)
MR       .....                  (no boots)
Stlth    ++++......             (no amulet)
HPRegen  0.09/turn              a - ring of stealth
MPRegen  0.13/turn              (no ring)

@: no status effects
A: no striking features
a: no special abilities


You were on level 3 of the Dungeon.
You were not hungry.

You visited 1 branch of the dungeon, and saw 3 of its levels.

You collected 149 gold pieces.

Inventory:

Hand Weapons
 g - a +0 dagger (weapon)
Missiles
 b - 21 stones (quivered)
Armour
 c - a +0 robe (worn)
Jewellery
 a - a ring of stealth (left hand)
Scrolls
 e - a scroll of amnesia {unknown}
 f - a scroll of remove curse {unknown}
 i - a scroll of magic mapping {unknown}
 j - a scroll of identify {unknown}
Potions
 h - a potion of flight {unknown}
 k - a potion of magic {unknown}
 l - a potion of brilliance {unknown}
Comestibles
 d - 3 rations


   Skills:
 - Level 2.4 Dodging
 + Level 4.4 Stealth
 * Level 3.4 Spellcasting
   Level 1.1 Transmutations
 - Level 5.3 Earth Magic


You had 6 spell levels left.
You knew the following spells:

 Your Spells              Type           Power        Failure   Level  Hunger
a - Sandblast             Erth           ####..       1%          1    None
b - Stone Arrow           Conj/Erth      ##....       13%         3    ###....

Your spell library contained the following spells:

 Spells                   Type           Power        Failure   Level  Hunger
 Passwall                 Tmut/Erth      ###.....     4%          2    ##.....
 Petrify                  Tmut/Erth      ###.....     32%         4    ####...
 Lee's Rapid Deconstruct  Erth           ####......   36%         5    ######.


Dungeon Overview and Level Annotations

Branches:
Dungeon (3/15)

Altars:

Annotations:
D:2 1 runed translucent door, Crazy Yiuf
D:3 Grinder


Message History

Grinder gestures at you. You resist with significant effort.
You can move again.
Grinder gestures at you.
You suddenly lose the ability to move!
The rat bites you but does no damage. Grinder hits you.
The rat bites you but does no damage. Grinder hits you!
* * * LOW HITPOINT WARNING * * *
You writhe in agony.
* * * LOW HITPOINT WARNING * * *
The rat bites you.
* * * LOW HITPOINT WARNING * * *
Grinder blinks!
The rat bites you.
* * * LOW HITPOINT WARNING * * *
The rat bites you but does no damage.
You can move again.
Grinder gestures at you. Pain shoots through your body!
You die...

....... #...#### ......#
#...###########
..r...####.............#
....................[..#
..h..##.##.............#
........#.#.#######
.......r#...#
........#.###
.....5.@....#
............#
###..#......#
#.....<..### #........#
#........# #.....(..#
..........# .#........#


You could see Grinder and a rat.

Vanquished Creatures
  Natasha (thrice) (D:2)
  A worker ant (D:2)
  An ooze (D:1)
  2 worms (D:2)
  A dart slug (D:1)
  5 bats
  2 giant cockroaches (D:1)
  8 goblins
  4 hobgoblins
  4 jackals (D:2)
  2 kobolds
  A quokka (D:2)
  A ball python (D:1)
  A frilled lizard (D:1)
  7 rats
43 creatures vanquished.

Notes
Turn   | Place    | Note
-------+----------+-------------------------------------------
     0 | D:1      | marthius the Deep Elf Earth Elementalist began the quest
                  | for the Orb.
     0 | D:1      | Reached XP level 1. HP: 10/10 MP: 6/6
   456 | D:1      | Reached XP level 2. HP: 15/15 MP: 4/8
   752 | D:1      | Reached skill level 4 in Earth Magic
  1167 | D:2      | Noticed Natasha
  1176 | D:2      | Noticed a crimson imp
  1176 | D:2      | Killed Natasha
  1176 | D:2      | Reached XP level 3. HP: 10/19 MP: 4/9
  1324 | D:2      | Noticed Natasha
  1332 | D:2      | Killed Natasha
  1332 | D:2      | Reached XP level 4. HP: 24/24 MP: 4/10
  1425 | D:2      | Reached skill level 5 in Earth Magic
  1425 | D:2      | Noticed Natasha
  1441 | D:2      | Killed Natasha
  1557 | D:2      | Found a runed translucent door.
  1558 | D:2      | Noticed Crazy Yiuf
  1634 | D:2      | Learned a level 3 spell: Stone Arrow
  1958 | D:2      | Reached XP level 5. HP: 7/28 MP: 6/12
  2576 | D:3      | Noticed Grinder
  2591 | D:3      | Paralysed by Grinder for 7 turns
  2602 | D:3      | Paralysed by Grinder for 7 turns
  2609 | D:3      | Killed from afar by Grinder

Skill      XL: |  1  2  3  4 |
---------------+-------------+-----
Stealth        | 3 4 |  4.4
Earth Magic    | 4 5 |  5.3
Dodging        | |  2.4
Spellcasting   | |  3.4
Transmutations | |  1.1

Action                   |  1- 3 |  4- 6 || total
-------------------------+-------+-------++-------
Melee: Unarmed           |     7 |       ||     7
       Dagger            |    15 |    14 ||    29
 Cast: Sandblast         |    27 |    15 ||    42
       Stone Arrow       |       |     7 ||     7
  Use: Potion            |       |     2 ||     2
 Stab: Sleeping          |     3 |     6 ||     9
  Eat: Chunk             |     1 |     5 ||     6
Armor: Robe              |     5 |     6 ||    11
Dodge: Dodged            |    29 |    15 ||    44
